 Dungeon Crawl Stone Soup version 0.28-a0-2-g643f2454ad (webtiles) character file.

Game seed: 18334648720478946812

18 MirrMurr the Thrower (level 2, 0/26 HPs)
             Began as a Gnoll Hunter on July 22, 2021.
             Slain by an adder (4 damage)
             ... on level 2 of the Dungeon.
             The game lasted 00:02:08 (1129 turns).

MirrMurr the Thrower (Gnoll Hunter)                 Turns: 1129, Time: 00:02:09

Health: 0/26       AC:  3    Str: 11    XL:     2   Next: 66%
Magic:  2/2        EV: 12    Int: 10    God:
Gold:   46         SH:  0    Dex: 12    Spells: 2/2 levels left

rFire   . . .      SeeInvis .   a - +0 rapier
rCold   . . .      Faith    .   (no shield)
rNeg    . . .      Spirit   .   h - +0 leather armour
rPois   .          Reflect  .   (no helmet)
rElec   .          Harm     .   (no cloak)
rCorr   .          Rampage  .   (no gloves)
Will    .....                   (no boots)
Stlth   ++........              (no amulet)
HPRegen 0.08/turn               (no ring)
MPRegen 0.08/turn               (no ring)

@: lethally poisoned (0 -> -4)
A: fangs 1, strong nose, distributed training
a: no special abilities


You were on level 2 of the Dungeon.
You visited 1 branch of the dungeon, and saw 2 of its levels.

You collected 46 gold pieces.

Inventory:

Hand Weapons
 a - a +0 rapier (weapon)
 b - a +0 hunting sling
Missiles
 c - 9 javelins
 d - 2 throwing nets
 e - 52 stones (quivered)
 j - 8 poisoned darts
Armour
 h - a +0 leather armour (worn)
Jewellery
 f - a ring of magical power
Scrolls
 i - a scroll of teleportation {unknown}
 k - a scroll of enchant weapon {unknown}
 l - a scroll of blinking {unknown}
Potions
 g - a potion of heal wounds {unknown}
 m - a potion of degeneration {unknown}


   Skills:
 + Level 4.5 Fighting
 + Level 0.5 Short Blades
 + Level 0.5 Long Blades
 + Level 0.5 Axes
 + Level 0.5 Maces & Flails
 + Level 0.5 Polearms
 + Level 0.5 Staves
 + Level 0.5 Slings
 + Level 0.5 Bows
 + Level 0.5 Crossbows
 + Level 8.5 Throwing
 + Level 0.5 Armour
 + Level 4.5 Dodging
 + Level 2.3 Stealth
 + Level 0.5 Shields
 + Level 0.5 Unarmed Combat
 + Level 0.5 Spellcasting
 + Level 0.3 Conjurations
 + Level 0.3 Hexes
 + Level 0.3 Summonings
 + Level 0.3 Necromancy
 + Level 0.3 Translocations
 + Level 0.3 Transmutations
 + Level 0.3 Fire Magic
 + Level 0.3 Ice Magic
 + Level 0.3 Air Magic
 + Level 0.3 Earth Magic
 + Level 0.3 Poison Magic
 + Level 0.6 Invocations
 + Level 0.5 Evocations


You had 2 spell levels left.
You didn't know any spells.
Your spell library was empty.

Dungeon Overview and Level Annotations

Branches:
Dungeon (2/15)

Altars:

Annotations:
D:2 Natasha


Innate Abilities, Weirdness & Mutations

You have very sharp teeth.
Your uncanny sense of smell can sniff out nearby items.
Your experience applies equally to all skills.


Message History

You closely miss the adder. You bite the adder, but do no damage.
The adder is heavily wounded.
The adder bites you.
You are poisoned.
The adder poisons you! Natasha misses you. The adder closely misses you.
You hit the adder.
The adder is severely wounded.
You feel sick. The adder bites you.
Natasha mumbles some strange words.
You feel disoriented. Natasha misses you. The adder closely misses you.
You barely miss the adder.
The adder is severely wounded.
You feel sick. Natasha claws you. The adder barely misses you.
Natasha misses you.
You are too injured to fight recklessly!
You closely miss Natasha.
Natasha is heavily wounded.
You feel sick. The adder closely misses you. Natasha barely misses you.
The adder closely misses you.
You hit Natasha but do no damage.
Natasha is heavily wounded.
You feel sick. The adder barely misses you. Natasha barely misses you.
You closely miss Natasha.
Natasha is heavily wounded.
You feel sick.
You are no longer poisoned.
The adder barely misses you. Natasha closely misses you.
The adder barely misses you.
You hit Natasha but do no damage.
Natasha is moderately wounded.
Natasha closely misses you. The adder bites you.
You are poisoned.
The adder poisons you!
You barely miss the adder.
The adder is severely wounded.
You feel sick. The adder bites you.
* * * LOW HITPOINT WARNING * * *
Natasha completely misses you. The adder bites you.
You die...

....#. .## .(..#.##..#
≈≈♣.# ...(....... ##P#..♣
..S...... .....≈P #.(.#.#
.....P≈≈≈≈≈ #...# .....♣♣
P≈≈♣ #.#.##......≈P P≈≈
#S#h.........P≈ ≈≈♣
.#####.#@..........≈ ♣≈≈
........S.#..#.####
≈♣♣≈≈♣ ....#...###.#..#
#.#♣PP #. #.#.#
#.##.######..##. .....#
#....>...###.###
.........##..............
..................####.#.
.)................##.....
....##...###.#......#.##


You could see Natasha and an adder.

Vanquished Creatures
  2 ball pythons (D:1)
  2 endoplasms (D:1)
  A giant cockroach (D:1)
  A goblin (D:2)
  A hobgoblin (D:1)
  A quokka (D:1)
  2 bats (D:1)
  A frilled lizard (D:1)
  4 kobolds
  2 rats
17 creatures vanquished.

Notes
Turn   | Place    | Note
-------+----------+-------------------------------------------
     0 | D:1      | MirrMurr the Gnoll Hunter began the quest for the Orb.
     0 | D:1      | Reached XP level 1. HP: 20/20 MP: 1/1
   356 | D:1      | Reached XP level 2. HP: 17/26 MP: 2/2
  1109 | D:2      | Noticed Natasha
  1129 | D:2      | Slain by an adder

Illustrated notes

Levels and vault maps discovered:
D:1:      erik_arrival_orb_chamber, layout_basic
D:2:      layout_rooms, serial_bayou, serial_bayou_pond_d, serial_bayou_shore_a,
          serial_bayou_pond_d, serial_bayou_lake_a,
          dilly_ecumenical_altar_fadedgnrine, minivault_24, uniq_natasha

Action                   || total
-------------------------++-------
Melee: Short sword       ||    10
       Rapier            ||    36
       Bite              ||     4
 Fire: Hunting sling     ||    12
Armor: Leather armour    ||     8
Dodge: Dodged            ||    39

Table legend: (Time is in decaauts)
 A = Elapsed time spent in this place.
 B = Non-inter-level travel time spent in this place.
 C = Inter-level travel time spent in this place.
 D = Time resting spent in this place.
 E = Time spent auto-exploring this place.
 F = Levels seen in this place.
 G = Mean time per level.
                   A        B        C        D        E       F      G
               +--------+--------+--------+--------+--------+-----+--------+
         Total |   1131 |   1109 |     22 |      0 |    906 |   2 |  565.5 |
       Dungeon |   1131 |   1109 |     22 |      0 |    906 |   2 |  565.5 |
               +--------+--------+--------+--------+--------+-----+--------+

Top non-repeatable levels by time:
     D:1: 1041 daAuts
     D:2: 89 daAuts
